Map: Dusk Towers

Players

Toons - Winner!

  • Race: Protoss Protoss
  • League: Gold

ions

  • Race: Zerg Zerg
  • League: Diamond

VOD

Have the link to the VOD?

Description

Time

  • Played on: Jan. 30, 2016, 3:43 a.m.
  • Length: 12:46
Show
View Real Time Build Order
Export as new Build Order

Toons Protoss - Winner!

Build Orders: 1 Gate Expand 

Get SALT Encoding   

  12  0:01  Probe (Chrono Boost)  
  13  0:11  Probe (Chrono Boost)  
  14  0:18  Pylon  
  14  0:22  Probe (Chrono Boost)  
  15  0:36  Probe (Chrono Boost)  
  16  0:43  Gateway  
  16  0:47  Probe (Chrono Boost)  
  16  0:49  Assimilator  
  17  0:57  Probe (Chrono Boost)  
  18  1:08  Probe (Chrono Boost)  
  19  1:18  Probe (Chrono Boost)  
  20  1:30  Cybernetics Core  
  20  1:40  Nexus  
  20  1:43  Probe (Chrono Boost)  
  21  1:48  Zealot  
  23  2:01  Pylon  
  23  2:03  Pylon  
  23  2:10  Warp Gate  
  23  2:19  Probe (Chrono Boost)  
  23  2:21  Adept  
  23  2:22  Assimilator  
  25  2:33  Gateway  
  26  2:39  Mothership Core (Chrono Boost)  
  27  2:52  Probe (Chrono Boost)  
  27  2:55  Adept  
  27  2:58  Probe (Chrono Boost)  
  31  3:09  Probe x2 (Chrono Boost)  
  33  3:14  Stargate  
  33  3:20  Probe x2 (Chrono Boost)  
  33  3:23  Pylon  
  35  3:32  Probe x2 (Chrono Boost)  
  37  3:37  Gateway  
  37  3:42  Probe (Chrono Boost)  
  37  3:43  Probe (Chrono Boost)  
  39  3:53  Probe x2 (Chrono Boost)  
  41  4:01  Oracle  
  44  4:07  Probe x2 (Chrono Boost)  
  46  4:11  Assimilator  
  46  4:15  Assimilator  
  46  4:22  Probe x2 (Chrono Boost)  
  48  4:25  Stalker, Sentry  
  48  4:29  Pylon  
  52  4:32  Pylon, Probe x2 (Chrono Boost)  
  54  4:44  Pylon  
  54  4:49  Probe x2 (Chrono Boost)  
  56  4:53  Forge, Twilight Council  
  56  4:55  Sentry  
  56  4:56  Adept  
  56  4:57  Pylon  
  60  5:15  Probe x2 (Chrono Boost)  
  64  5:28  Probe x2 (Chrono Boost)  
  64  5:30  Blink, Sentry  
  64  5:31  Sentry  
  64  5:33  Stalker  
  70  5:39  Protoss Ground Weapons Level 1 (Chrono Boost)  
  70  5:40  Probe x2 (Chrono Boost)  
  72  5:50  Probe (Chrono Boost)  
  73  6:06  Stalker x2  
  73  6:07  Stalker  
  73  6:09  Nexus  
  79  6:11  Pylon  
  79  6:13  Pylon  
  79  6:16  Pylon  
  81  6:25  Probe x2 (Chrono Boost)  
  81  6:28  Oracle  
  81  6:32  Pylon  
  84  6:37  Stalker x3  
  90  6:46  Robotics Facility  
  90  6:47  Gateway  
  90  6:48  Gateway  
  90  7:00  Probe x2  
  92  7:02  Assimilator  
  92  7:05  Assimilator  
  92  7:12  Probe x2  
  94  7:26  Probe  
  95  7:33  Stalker x3  
  95  7:35  Probe  
  95  7:37  Probe  
  103  7:56  Probe  
  103  7:58  Probe x2  
  106  8:00  Immortal  
  106  8:04  Protoss Ground Weapons Level 2 (Chrono Boost)  
  107  8:08  Robotics Bay  
  105  8:15  Stalker x3  
  105  8:16  Stalker x2  
  115  8:29  Void Ray  
  119  8:34  Probe  
  119  8:35  Probe x2  
  119  8:40  Photon Cannon  
  122  8:43  Photon Cannon  
  122  8:46  Robotics Facility  
  122  8:53  Zealot x5  
  132  9:01  Gateway  
  132  9:04  Pylon  
  132  9:10  Pylon  
  132  9:11  Forge  
  132  9:14  Pylon x2  
  132  9:22  Disruptor  
  135  9:26  Zealot x5  
  145  9:38  Pylon  
  145  9:40  Pylon  
  145  9:42  Pylon  
  145  9:45  Charge  
  145  9:53  Disruptor  
  145  9:59  Nexus  
  148  10:03  Protoss Ground Weapons Level 3 (Chrono Boost)  
  148  10:04  Adept x3  
  148  10:05  Adept x2  
  154  10:16  Pylon  
  154  10:19  Pylon  
  152  10:24  Pylon  
  152  10:25  Pylon  
  152  10:27  Pylon  
  152  10:28  Pylon  
  152  10:30  Pylon  
  152  10:36  Stalker x5  
  152  10:41  Disruptor  
  168  10:49  Warp Prism  
  165  10:55  Photon Cannon  
  165  10:56  Photon Cannon  
  167  11:08  Photon Cannon  
  167  11:09  Gravitic Drive  
  167  11:10  Photon Cannon  
  167  11:18  Stalker x4  
  169  11:19  Stalker x2  
  169  11:24  Immortal  
  183  11:39  Observer  
  184  12:00  Observer  
  182  12:09  Stalker x6  
  190  12:37  Stalker x6  
Show
View Real Time Build Order
Export as new Build Order

ions Zerg 

Build Orders: Pool First 

Get SALT Encoding   

  12  0:01  Drone  
  13  0:09  Drone  
  14  0:26  Spawning Pool  
  13  0:31  Drone  
  14  0:39  Overlord  
  14  0:49  Extractor  
  13  0:52  Drone, Extractor  
  13  1:02  Drone x2  
  15  1:20  Drone x2  
  15  1:22  Queen  
  19  1:49  Metabolic Boost  
  19  1:50  Zergling x4  
  19  1:51  Zergling x2  
  22  2:21  Overlord  
  22  2:22  Overlord  
  22  2:25  Baneling Nest  
  21  2:45  Hatchery  
  20  2:55  Drone x4  
  23  3:07  Queen  
  23  3:12  Drone  
  26  3:24  Drone  
  26  3:25  Drone x2  
  29  3:39  Drone  
  29  3:40  Drone x3  
  33  3:49  Zergling x2  
  33  3:52  Queen  
  36  4:07  Zergling x2  
  36  4:08  Zergling x2  
  38  4:22  Drone x4  
  38  4:23  Drone  
  43  4:25  Overlord x2  
  43  4:45  Extractor  
  42  4:46  Extractor  
  41  4:54  Queen  
  41  4:55  Queen  
  41  4:56  Drone x5  
  41  4:57  Drone  
  45  5:21  Drone x3  
  45  5:22  Drone x4  
  52  5:43  Hatchery  
  52  5:46  Drone x2  
  52  5:47  Drone x3  
  56  5:55  Overlord  
  56  5:56  Overlord x2  
  56  6:01  Roach Warren  
  55  6:09  Baneling  
  55  6:10  Baneling x2  
  55  6:13  Queen x2  
  55  6:15  Drone x4  
  55  6:16  Drone x2  
  65  6:32  Zergling x4  
  67  6:33  Zergling x2  
  68  6:42  Drone x4  
  68  6:43  Drone, Spore Crawler  
  68  6:45  Spine Crawler  
  71  7:01  Zergling x10  
  73  7:04  Drone  
  73  7:08  Extractor  
  76  7:09  Drone x2  
  76  7:11  Extractor  
  67  7:34  Spore Crawler  
  67  7:35  Drone x3  
  67  7:36  Drone x6  
  67  7:37  Drone  
  76  7:46  Drone x4  
  80  8:02  Drone  
  80  8:03  Overlord x4  
  81  8:16  Drone  
  81  8:17  Overlord x2  
  82  8:21  Queen  
  82  8:22  Lair  
  84  8:27  Evolution Chamber  
  84  8:28  Evolution Chamber  
  84  8:29  Evolution Chamber  
  84  8:32  Queen  
  83  8:36  Zergling x4  
  83  8:37  Zergling x12  
  83  8:38  Zergling x2  
  92  9:01  Zerg Ground Armor Level 1, Zerg Missile Weapons Level 1  
  92  9:02  Zerg Melee Weapons Level 1  
  92  9:07  Drone x2  
  92  9:08  Drone x7  
  101  9:20  Zergling x4  
  101  9:21  Zergling x8  
  107  9:27  Glial Reconstitution  
  107  9:29  Infestation Pit  
  106  9:44  Zergling x10  
  106  9:45  Zergling x10  
  116  9:56  Overlord x3  
  116  10:20  Hatchery  
  106  10:30  Zergling x2  
  106  10:31  Zergling x10  
  106  10:32  Zergling x16  
  106  10:33  Zergling x8  
  95  10:51  Zergling x4  
  95  10:52  Zergling x2  
  98  10:57  Baneling x5  
  98  10:58  Baneling x2  
  98  11:08  Roach x4  
  98  11:09  Roach x7  
  98  11:10  Roach x4  
  128  11:19  Centrifical Hooks  
  128  11:42  Ravager x7  
  128  11:43  Ravager, Roach  
  128  11:44  Roach x5  
  128  11:45  Hatchery, Zergling x6  
  128  11:46  Zergling x4  
  152  12:04  Overlord  
  152  12:05  Overlord x7  
  152  12:06  Overlord x2  
Tags
 
Add a new tag
Caveats
  • Supply blocks, unpowered buildings, or Contaminate may cause inaccurate times.
  • Supply counts are checked every 10 seconds.